 Dungeon Crawl Stone Soup version 0.19-a0-1937-g70ed36a (webtiles) character file.

186 spe3d0 the Shield-Bearer (level 5, 0/45 HPs)
             Began as a Minotaur Fighter on Oct 26, 2016.
             Slain by an orc wizard
             ... wielding a +0 dagger
              (3 damage)
             ... on level 3 of the Dungeon.
             The game lasted 00:05:14 (1694 turns).

spe3d0 the Shield-Bearer (Minotaur Fighter)         Turns: 1694, Time: 00:05:15

Health: 0/45       AC: 11    Str: 21    XL:     5   Next: 38%
Magic:  4/4        EV:  7    Int:  5    God:
Gold:   107        SH: 10    Dex: 10    Spells: 0 memorised, 4 levels left

rFire  . . .     SeeInvis .     a - +0 war axe
rCold  . . .     Gourm    .     b - +1 scale mail
rNeg   . . .     Faith    .     c - +0 shield
rPois  .         Spirit   .     (helmet restricted)
rElec  .         Reflect  .     (no cloak)
rCorr  .         Harm     .     u - +2 pair of gloves {archery}
MR     .....                    (no boots)
Stlth  +.........               (no amulet)
                                (no ring)
                                Q - ring of stealth

@: no status effects
A: retaliatory headbutt, horns 2
a: no special abilities


You were on level 3 of the Dungeon.
You were not hungry.

You visited 1 branch of the dungeon, and saw 3 of its levels.

You collected 107 gold pieces.


Innate Abilities, Weirdness & Mutations

You reflexively headbutt those who attack you in melee.
You have a pair of horns on your head.


   Skills:
 - Level 3.6 Fighting
 * Level 4.6 Axes
 * Level 5.0 Armour
 * Level 5.1 Shields


You had 4 spell levels left.
You didn't know any spells.

Inventory:

Hand Weapons
 a - a +0 war axe (weapon)
Armour
 b - a +1 scale mail (worn)
 c - a +0 shield (worn)
 k - a +0 robe
 r - a +1 robe of fire resistance
 u - a +2 pair of gloves of archery (worn)
Jewellery
 w - a +2 ring of protection {unknown}
 Q - a ring of stealth (left hand)
Wands
 e - a wand of digging (8/24)
 s - a wand of flame (22/48)
Scrolls
 i - a scroll of fog {unknown}
 l - a scroll of recharging
Potions
 d - a potion of might
 j - a potion of flight {unknown}
 m - a potion of curing {unknown}
 n - 2 potions of mutation {unknown}
 o - 2 potions of lignification {unknown}
 p - a potion of magic {unknown}
 q - a potion of resistance {unknown}
 t - a potion of cancellation {unknown}
 v - a potion of haste {unknown}
Comestibles
 f - 4 bread rations {@e1}
 g - a royal jelly {@e3}
 h - a chunk of flesh

Dungeon Overview and Level Annotations

Branches:
Dungeon (3/15)

Altars:

# ########## #.### #
........# ... .##
#.......# ####.#### #....
#.......##..........
#..#.##..o..>....# #.....
#........@....##. ###.....
...........$..##.##....###
....##)######......##.##
.##. #.# #.#.#.[#...##
#.##.##.# #.#.........#
#.....[.## ###.###..#...##
####.#%..###...###..##.##
#...<..#.........####
#.............####


You could see an orc wizard.


Message History

You closely miss the orc wizard. Your headbutt misses the orc wizard.
The orc wizard points at you and mumbles some strange words.
The magic dart hits you!
The orc wizard points at you and mumbles some strange words.
You resist with some effort.
You closely miss the orc wizard.
The orc wizard casts a spell.
The orc wizard blinks!
Found 10 gold pieces.
Found a stone staircase leading down.
Items here: )) [[ a dagger; a robe; a dagger; a leather armour The orc wizard mumbles some strange words.
The orc wizard blinks!
The orc wizard hits you but does no damage.
You hit the orc wizard. Your headbutt misses the orc wizard.
The orc wizard is moderately wounded.
The orc wizard barely misses you.
Your shield and scale mail prevent you from hitting the orc wizard.
The orc wizard is moderately wounded.
You block the orc wizard's attack.
The orc wizard gestures wildly while chanting.
The orc wizard blinks!
The orc wizard hits you but does no damage. x2
You hit the orc wizard but do no damage.
You headbutt the orc wizard, but do no damage.
The orc wizard is moderately wounded.
The orc wizard hits you with a dagger.
* * * LOW HITPOINT WARNING * * *
The orc wizard hits you with a dagger.
You die...

Skill      XL: |  1  2  3  4  5 |
---------------+----------------+-----
Shields        | 4 5 |  5.1
Axes           | 3 4 |  4.6
Armour         | 4 5 |  5.0
Fighting       | |  3.6

Action                   |  1- 3 |  4- 6 || total
-------------------------+-------+-------++-------
Melee: War axe           |    90 |    55 ||   145
       Headbutt          |    10 |     9 ||    19
  Use: Scroll            |       |     5 ||     5
 Stab: Sleeping          |     2 |       ||     2
  Eat: Chunk             |     1 |     2 ||     3
Armor: Scale mail        |    23 |    22 ||    45
       Robe              |     8 |       ||     8
Dodge: Dodged            |    34 |    14 ||    48
Block: Shield            |    46 |    25 ||    71

Vault maps used:
D:1:      dpeg_arrival_arbitrary_a
D:2:      first_bread, uniq_jessica, uniq_robin, uniq_terence
D:3:      minmay_vboxes

Notes
Turn   | Place    | Note
-------+----------+-------------------------------------------
     0 | D:1      | spe3d0 the Minotaur Fighter began the quest for the Orb.
     0 | D:1      | Reached XP level 1. HP: 19/19 MP: 0/0
    85 | D:1      | Reached XP level 2. HP: 21/26 MP: 1/1
   160 | D:1      | Reached skill level 4 in Shields
   165 | D:1      | Reached skill level 3 in Axes
   770 | D:2      | Reached XP level 3. HP: 30/31 MP: 2/2
   772 | D:2      | Reached skill level 4 in Armour
  1077 | D:2      | Noticed Jessica
  1077 | D:2      | Noticed Terence
  1088 | D:2      | Killed Jessica
  1089 | D:2      | Reached XP level 4. HP: 25/39 MP: 3/3
  1093 | D:2      | Killed Terence
  1134 | D:2      | Reached skill level 4 in Axes
  1418 | D:2      | Noticed Robin
  1426 | D:2      | Killed Robin
  1675 | D:3      | Reached skill level 5 in Shields
  1675 | D:3      | Reached XP level 5. HP: 17/45 MP: 4/4
  1680 | D:3      | Reached skill level 5 in Armour
  1681 | D:3      | HP: 2/45 [orc wizard/magic dart (8)]
  1694 | D:3      | HP: 3/45 [orc wizard/dagger (1)]
  1694 | D:3      | Slain by an orc wizard

Vanquished Creatures
  An orc wizard (D:3)
  An orc priest (D:3)
  Jessica (D:2)
  Terence (D:2)
  Robin (D:2)
  2 worms (D:2)
  A dart slug (D:1)
  A leopard gecko (D:2)
  3 giant cockroaches
  7 goblins
  8 hobgoblins
  5 jackals
  4 quokkas
  2 ball pythons (D:1)
  7 bats
  4 frilled lizards
  5 kobolds
  4 rats
58 creatures vanquished.
